[ PARTIDA AOE2 · #493981418 ]
UnrankedGurjaras vs Byzantines
Equipo del jugador · DERR
Equipo rival · VICT
[ ANÁLISIS DE REPETICIÓN · EXTRAÍDO DE LA PARTIDA GRABADA ]
Feudal
8:52
Castillos
26:29
Imperial
—
| APM promedio | 55.6 |
| APM pico | 83 |
| eAPM promedio | 27.6 |
| Aldeanos / militares | 149 / 73 |
Foco
⚔️ 29.3% · 🌾 70.7%
Shrivamsha Rider ×26 · Camel Scout ×24 · Monk ×5 · Scout Cavalry ×5 · Armored Elephant ×5 · Skirmisher ×4
Feudal
8:25
Castillos
23:07
Imperial
40:41
| APM promedio | 51.5 |
| APM pico | 117 |
| eAPM promedio | 25.6 |
| Aldeanos / militares | 98 / 62 |
Foco
⚔️ 30.1% · 🌾 69.9%
Skirmisher ×20 · Camel Scout ×19 · Spearman ×8 · Monk ×4 · Knight ×3 · Mangonel ×3
Mapa de la partida
Recursos iniciales + cada clic de construcción. Líneas = muros · curvas = relieve. ◆ oro · ⬟ piedra · ● bayas · ✦ reliquia · ◌ hueco del cierre
Tu base· Abierta — hueco de 4t
Base de CORP_hector_sin_elo· Abierta — flanco sin cerrar
Terreno inicial suavizado · ◌ = hueco del cierre detectado · pasá el cursor para detalles
Inputs por minuto
— 芝麻開門 - - CORP_hector_sin_elo
Build order — 芝麻開門
Primeras 150 de 386 acciones detectadas
| 0:00 | Crear | Villager (Male) |
| 0:01 | Crear | Villager (Male) |
| 0:01 | Crear | Villager (Male) |
| 0:05 | Construir | House |
| 0:06 | Construir | House |
| 0:21 | Crear | Villager (Male) |
| 1:05 | Construir | Mill |
| 1:35 | Crear | Villager (Male) |
| 1:35 | Crear | Villager (Male) |
| 2:04 | Crear | Villager (Male) |
| 2:04 | Crear | Villager (Male) |
| 2:20 | Crear | Villager (Male) |
| 2:54 | Crear | Villager (Male) |
| 2:54 | Crear | Villager (Male) |
| 2:59 | Crear | Villager (Male) |
| 2:59 | Crear | Villager (Male) |
| 3:30 | Crear | Villager (Male) |
| 3:46 | Crear | Villager (Male) |
| 3:52 | Construir | House |
| 4:09 | Crear | Villager (Male) |
| 4:09 | Crear | Villager (Male) |
| 4:09 | Crear | Villager (Male) |
| 4:28 | Crear | Villager (Male) |
| 4:39 | Construir | Lumber Camp |
| 5:06 | Crear | Villager (Male) |
| 5:20 | Crear | Villager (Male) |
| 5:30 | Crear | Villager (Male) |
| 5:31 | Crear | Villager (Male) |
| 6:03 | Investigar | Loom |
| 6:31 | Investigar | Feudal Age |
| 7:17 | Construir | Barracks |
| 7:39 | Construir | Palisade Wall |
| 7:54 | Crear | Villager (Male) |
| 7:57 | Construir | House |
| 8:00 | Construir | House |
| 8:09 | Crear | Villager (Male) |
| 8:31 | Construir | Palisade Wall |
| 8:51 | Crear | Villager (Male) |
| 8:52 | Edad | Edad Feudal |
| 9:00 | Construir | Archery Range |
| 9:18 | Investigar | Double-Bit Axe |
| 9:33 | Crear | Villager (Male) |
| 9:37 | Construir | House |
| 9:54 | Construir | Watch Tower |
| 10:18 | Crear | Skirmisher |
| 10:21 | Crear | Spearman |
| 10:29 | Crear | Villager (Male) |
| 10:41 | Construir | House |
| 10:54 | Investigar | Wheelbarrow |
| 11:07 | Crear | Skirmisher |
| 11:10 | Crear | Villager (Male) |
| 11:14 | Construir | Palisade Wall |
| 11:24 | Crear | Villager (Male) |
| 11:26 | Construir | House |
| 11:28 | Crear | Villager (Male) |
| 11:35 | Crear | Villager (Male) |
| 11:36 | Crear | Villager (Male) |
| 11:51 | Construir | Watch Tower |
| 12:02 | Crear | Skirmisher |
| 12:05 | Construir | House |
| 12:09 | Construir | Lumber Camp |
| 12:15 | Construir | Farm |
| 12:24 | Crear | Skirmisher |
| 12:26 | Construir | House |
| 12:28 | Construir | Palisade Wall |
| 12:46 | Construir | House |
| 12:47 | Construir | House |
| 12:48 | Crear | Villager (Male) |
| 13:18 | Crear | Villager (Male) |
| 13:23 | Construir | Farm |
| 13:31 | Construir | Palisade Wall |
| 14:06 | Construir | Mining Camp |
| 14:11 | Crear | Villager (Male) |
| 14:11 | Crear | Villager (Male) |
| 14:24 | Crear | Villager (Male) |
| 14:31 | Construir | House |
| 14:37 | Crear | Villager (Male) |
| 14:40 | Construir | Palisade Wall |
| 14:48 | Construir | Farm |
| 14:56 | Crear | Villager (Male) |
| 15:03 | Crear | Villager (Male) |
| 15:12 | Construir | Farm |
| 15:31 | Construir | Farm |
| 15:43 | Construir | Farm |
| 15:51 | Crear | Villager (Male) |
| 16:07 | Construir | House |
| 16:20 | Construir | Watch Tower |
| 16:23 | Crear | Villager (Male) |
| 16:23 | Crear | Villager (Male) |
| 16:47 | Construir | House |
| 16:52 | Crear | Villager (Male) |
| 17:14 | Crear | Villager (Male) |
| 17:30 | Construir | Mining Camp |
| 17:41 | Construir | Watch Tower |
| 17:45 | Crear | Villager (Male) |
| 17:55 | Investigar | Horse Collar |
| 17:59 | Crear | Villager (Male) |
| 18:08 | Construir | Farm |
| 18:09 | Crear | Villager (Male) |
| 18:28 | Crear | Villager (Male) |
| 18:30 | Construir | Blacksmith |
| 18:42 | Crear | Villager (Male) |
| 18:52 | Construir | Farm |
| 19:00 | Construir | Farm |
| 19:02 | Crear | Villager (Male) |
| 19:06 | Construir | Farm |
| 19:11 | Crear | Villager (Male) |
| 19:24 | Investigar | Fletching |
| 19:24 | Investigar | Fletching |
| 19:25 | Crear | Villager (Male) |
| 19:28 | Construir | Farm |
| 19:35 | Crear | Villager (Male) |
| 19:48 | Crear | Villager (Male) |
| 19:49 | Construir | Farm |
| 19:53 | Construir | Stable |
| 20:04 | Crear | Villager (Male) |
| 20:27 | Construir | Farm |
| 20:30 | Crear | Villager (Male) |
| 20:31 | Construir | Farm |
| 20:31 | Construir | Farm |
| 20:45 | Crear | Villager (Male) |
| 20:47 | Construir | Farm |
| 20:49 | Crear | Scout Cavalry |
| 20:49 | Crear | Scout Cavalry |
| 20:50 | Construir | House |
| 20:51 | Construir | House |
| 21:02 | Crear | Villager (Male) |
| 21:05 | Construir | Farm |
| 21:18 | Crear | Villager (Male) |
| 21:24 | Crear | Villager (Male) |
| 21:27 | Construir | Farm |
| 21:40 | Crear | Spearman |
| 21:57 | Construir | Market |
| 21:59 | Construir | Farm |
| 22:00 | Construir | Farm |
| 22:00 | Construir | Farm |
| 22:00 | Construir | Farm |
| 22:00 | Construir | Farm |
| 22:01 | Construir | Farm |
| 22:01 | Construir | Farm |
| 22:01 | Construir | Farm |
| 22:06 | Construir | House |
| 22:22 | Construir | House |
| 22:23 | Construir | House |
| 22:23 | Construir | House |
| 22:24 | Construir | House |
| 22:33 | Investigar | Town Watch |
| 22:59 | Construir | Stone Wall |
| 23:02 | Crear | Villager (Male) |
| 23:06 | Construir | Farm |
Build order — CORP_hector_sin_elo
Primeras 150 de 326 acciones detectadas
| 0:00 | Crear | Villager (Male) |
| 0:01 | Crear | Villager (Male) |
| 0:01 | Crear | Villager (Male) |
| 0:02 | Construir | House |
| 0:04 | Construir | House |
| 0:34 | Crear | Villager (Male) |
| 1:32 | Crear | Villager (Male) |
| 1:32 | Crear | Villager (Male) |
| 2:05 | Crear | Villager (Male) |
| 2:05 | Crear | Villager (Male) |
| 2:20 | Crear | Villager (Male) |
| 2:20 | Crear | Villager (Male) |
| 2:25 | Construir | Lumber Camp |
| 2:45 | Crear | Villager (Male) |
| 3:04 | Crear | Villager (Male) |
| 3:04 | Crear | Villager (Male) |
| 3:21 | Crear | Villager (Male) |
| 3:48 | Crear | Villager (Male) |
| 3:50 | Construir | House |
| 4:00 | Crear | Villager (Male) |
| 4:15 | Crear | Villager (Male) |
| 4:16 | Crear | Villager (Male) |
| 4:34 | Investigar | Loom |
| 4:46 | Construir | Mill |
| 6:14 | Investigar | Feudal Age |
| 6:54 | Construir | House |
| 6:55 | Construir | Palisade Wall |
| 6:56 | Construir | Palisade Wall |
| 6:57 | Construir | Palisade Wall |
| 6:58 | Construir | Palisade Wall |
| 7:34 | Construir | Barracks |
| 8:25 | Edad | Edad Feudal |
| 8:31 | Construir | Archery Range |
| 8:32 | Crear | Spearman |
| 8:34 | Crear | Villager (Male) |
| 8:53 | Crear | Spearman |
| 8:57 | Construir | House |
| 8:58 | Construir | Palisade Wall |
| 8:59 | Construir | Palisade Wall |
| 9:08 | Crear | Villager (Male) |
| 9:09 | Crear | Villager (Male) |
| 9:16 | Crear | Skirmisher |
| 9:27 | Crear | Skirmisher |
| 9:29 | Crear | Villager (Male) |
| 9:45 | Construir | Watch Tower |
| 9:51 | Crear | Skirmisher |
| 9:52 | Crear | Villager (Male) |
| 9:55 | Construir | House |
| 10:18 | Crear | Villager (Male) |
| 10:29 | Construir | Watch Tower |
| 10:30 | Crear | Skirmisher |
| 10:40 | Construir | Watch Tower |
| 10:46 | Crear | Skirmisher |
| 10:50 | Construir | Farm |
| 10:50 | Construir | Farm |
| 11:01 | Construir | Farm |
| 11:14 | Investigar | Double-Bit Axe |
| 11:23 | Construir | House |
| 11:33 | Crear | Villager (Male) |
| 11:33 | Crear | Villager (Male) |
| 11:56 | Construir | Farm |
| 11:57 | Construir | Farm |
| 12:00 | Crear | Villager (Male) |
| 12:19 | Construir | Farm |
| 12:22 | Construir | Blacksmith |
| 12:28 | Crear | Villager (Male) |
| 12:48 | Crear | Villager (Male) |
| 13:02 | Crear | Skirmisher |
| 13:07 | Construir | House |
| 13:08 | Construir | House |
| 13:11 | Construir | Mining Camp |
| 13:22 | Crear | Skirmisher |
| 13:23 | Crear | Villager (Male) |
| 13:32 | Crear | Skirmisher |
| 13:50 | Crear | Spearman |
| 13:52 | Crear | Villager (Male) |
| 13:54 | Construir | Farm |
| 13:57 | Construir | Farm |
| 14:23 | Investigar | Fletching |
| 14:23 | Investigar | Fletching |
| 14:37 | Crear | Villager (Male) |
| 14:54 | Crear | Villager (Male) |
| 14:56 | Construir | Farm |
| 14:58 | Construir | Farm |
| 15:02 | Crear | Spearman |
| 15:03 | Crear | Skirmisher |
| 15:05 | Construir | Farm |
| 15:07 | Construir | Farm |
| 15:21 | Crear | Villager (Male) |
| 15:26 | Crear | Skirmisher |
| 15:42 | Construir | Stable |
| 15:51 | Construir | House |
| 15:53 | Construir | Palisade Wall |
| 16:05 | Crear | Villager (Male) |
| 16:15 | Investigar | Padded Archer Armor |
| 16:17 | Construir | Farm |
| 16:22 | Construir | House |
| 16:25 | Crear | Scout Cavalry |
| 16:45 | Crear | Villager (Male) |
| 16:46 | Crear | Skirmisher |
| 16:49 | Construir | Farm |
| 16:52 | Crear | Villager (Male) |
| 16:54 | Construir | Palisade Wall |
| 17:29 | Crear | Villager (Male) |
| 17:31 | Construir | Mining Camp |
| 17:55 | Crear | Villager (Male) |
| 18:04 | Construir | Farm |
| 18:04 | Construir | Farm |
| 18:12 | Construir | House |
| 18:13 | Construir | House |
| 18:18 | Crear | Spearman |
| 18:25 | Crear | Villager (Male) |
| 18:34 | Construir | Farm |
| 18:37 | Construir | Palisade Wall |
| 18:53 | Investigar | Wheelbarrow |
| 19:19 | Construir | Farm |
| 19:25 | Construir | Farm |
| 20:27 | Investigar | Castle Age |
| 20:27 | Investigar | Castle Age |
| 21:00 | Investigar | Horse Collar |
| 21:03 | Construir | House |
| 21:04 | Construir | Palisade Wall |
| 21:07 | Construir | Palisade Wall |
| 21:09 | Construir | Palisade Wall |
| 21:12 | Investigar | Gold Mining |
| 21:51 | Crear | Spearman |
| 21:53 | Crear | Skirmisher |
| 21:53 | Crear | Skirmisher |
| 22:09 | Investigar | Scale Mail Armor |
| 22:16 | Construir | Farm |
| 22:21 | Construir | Palisade Wall |
| 22:23 | Construir | Palisade Wall |
| 22:31 | Construir | Palisade Wall |
| 22:42 | Crear | Archer |
| 22:46 | Construir | House |
| 23:07 | Edad | Edad de los Castillos |
| 23:09 | Investigar | Bodkin Arrow |
| 23:12 | Crear | Villager (Male) |
| 23:14 | Construir | Siege Workshop |
| 23:16 | Crear | Knight |
| 23:31 | Crear | Villager (Male) |
| 23:59 | Crear | Knight |
| 24:01 | Investigar | Scale Barding Armor |
| 24:06 | Crear | Villager (Male) |
| 24:17 | Construir | Lumber Camp |
| 24:48 | Crear | Villager (Male) |
| 24:55 | Crear | Mangonel |
| 24:58 | Crear | Knight |
| 24:59 | Crear | Villager (Male) |
| 25:21 | Investigar | Stone Mining |
Cronología de la partida
| 6:55 | CORP_hector_sin_elo · wall_segment Palisade Wall x1 |
| 6:56 | CORP_hector_sin_elo · wall_segment Palisade Wall x1 |
| 6:57 | CORP_hector_sin_elo · wall_segment Palisade Wall x1 |
| 6:58 | CORP_hector_sin_elo · wall_segment Palisade Wall x1 |
| 7:17 | 芝麻開門 · first_building Barracks |
| 7:34 | CORP_hector_sin_elo · first_building Barracks |
| 7:39 | 芝麻開門 · wall_segment Palisade Wall x6 |
| 8:25 | CORP_hector_sin_elo · age_up feudal |
| 8:31 | 芝麻開門 · wall_segment Palisade Wall x6 |
| 8:31 | CORP_hector_sin_elo · first_building Archery Range |
| 8:52 | 芝麻開門 · age_up feudal |
| 8:58 | CORP_hector_sin_elo · wall_segment Palisade Wall x1 |
| 8:59 | CORP_hector_sin_elo · wall_segment Palisade Wall x1 |
| 9:00 | 芝麻開門 · first_building Archery Range |
| 11:14 | 芝麻開門 · wall_segment Palisade Wall x5 |
| 12:28 | 芝麻開門 · wall_segment Palisade Wall x7 |
| 13:31 | 芝麻開門 · wall_segment Palisade Wall x7 |
| 14:40 | 芝麻開門 · wall_segment Palisade Wall x1 |
| 15:42 | CORP_hector_sin_elo · first_building Stable |
| 15:53 | CORP_hector_sin_elo · wall_segment Palisade Wall x6 |
| 16:54 | CORP_hector_sin_elo · wall_segment Palisade Wall x1 |
| 18:37 | CORP_hector_sin_elo · wall_segment Palisade Wall x1 |
| 19:53 | 芝麻開門 · first_building Stable |
| 21:04 | CORP_hector_sin_elo · wall_segment Palisade Wall x1 |
| 21:07 | CORP_hector_sin_elo · wall_segment Palisade Wall x1 |
| 21:09 | CORP_hector_sin_elo · wall_segment Palisade Wall x7 |
| 22:21 | CORP_hector_sin_elo · wall_segment Palisade Wall x1 |
| 22:23 | CORP_hector_sin_elo · wall_segment Palisade Wall x1 |
| 22:31 | CORP_hector_sin_elo · wall_segment Palisade Wall x1 |
| 22:59 | 芝麻開門 · wall_segment Stone Wall x7 |
| 23:07 | CORP_hector_sin_elo · age_up castle |
| 23:14 | CORP_hector_sin_elo · first_building Siege Workshop |
| 23:38 | 芝麻開門 · first_market_buy 100 food |
| 26:03 | CORP_hector_sin_elo · wall_segment Palisade Wall x6 |
| 26:29 | 芝麻開門 · age_up castle |
| 26:50 | 芝麻開門 · first_building Siege Workshop |
| 27:32 | CORP_hector_sin_elo · first_building Castle |
| 29:22 | 芝麻開門 · first_building Monastery |
| 31:46 | CORP_hector_sin_elo · first_building Monastery |
| 33:03 | 芝麻開門 · first_building Castle |
| 40:41 | CORP_hector_sin_elo · age_up imperial |
| 40:42 | CORP_hector_sin_elo · wall_segment Palisade Wall x9 |
| 43:12 | 芝麻開門 · resign |
[ ANÁLISIS IA · 1 CRÉDITO ]
¿Qué pasó realmente en esta partida?
Wolo.gg analiza cada decisión: build order, eco, micro, errores típicos por bracket. Análisis personalizado por WhatsApp o Discord en 30 segundos.
Guía civ
Gurjaras
Perfil
芝麻開門